 Dungeon Crawl Stone Soup version bcrawl-1.28.1b (webtiles) character file.

Game seed: 1296717369513344787

222821 CloudStrife the Skirmisher (level 5, -1/48 HPs)
             Began as a Minotaur Fighter on Dec 20, 2020.
             Was an Initiate of the Shining One.
             Slain by a centaur (5 damage)
             ... on level 4 of the Dungeon.
             The game lasted 00:39:25 (1797 turns).

CloudStrife the Skirmisher (Minotaur Fighter)       Turns: 1797, Time: 00:39:25

Health: -1/48      AC:  7    Str: 27    XL:     5   Next: 80%
Magic:  4/4        EV:  7    Int:  5    God:    the Shining One [......]
Gold:   162        SH: 11    Dex:  9    Spells: 4/4 levels left

rFire    . . .     SeeInvis .   a - +0 long sword
rCold    . . .     Gourm    .   c - +0 medium shield
rNeg     . . .     Faith    .   b - +0 scale mail
rPois    .         Spirit   .   (helmet restricted)
rElec    .         Reflect  .   (no cloak)
rCorr    .         Harm     .   (no gloves)
MR       .....                  (no boots)
Stlth    ..........             (no amulet)
HPRegen  0.16/turn              (no ring)
MPRegen  0.09/turn              (no ring)

@: mighty, hasted, glowing, very quick
A: retaliatory headbutt, horns 2
a: Renounce Religion


You were on level 4 of the Dungeon.
You worshipped the Shining One.
The Shining One was noncommittal.
You were hungry.

You visited 1 branch of the dungeon, and saw 4 of its levels.

You collected 162 gold pieces.

Inventory:

Hand Weapons
 a - a +0 long sword (weapon)
 f - a +3 short sword
 g - a +0 hand axe
 i - a +0 club
 m - a +0 dagger
 t - a +0 rapier
 u - a +0 short sword
 z - a +0 quarterstaff
Missiles
 k - 728 sling bullets
 l - a throwing net {=f}
 y - 567 stones (quivered)
 C - 153 bolts
 D - 254 arrows
Armour
 b - a +0 scale mail (worn)
 c - a +0 medium shield (worn)
 n - a +0 leather armour
 p - a +0 animal skin
 q - a +0 helmet
 s - a +0 ring mail
 w - a +0 chain mail
 B - a cursed +0 helmet
Scrolls
 j - 2 scrolls of enchant armour {unknown}
 o - 3 scrolls of identify
 r - a scroll of magic mapping {unknown}
 v - a scroll of immolation {unknown}
 x - 3 scrolls of teleportation {unknown}
 A - a scroll of remove curse {unknown}
Potions
 d - a potion of might
Comestibles
 e - a ration {!d}
 E - 2 chunks of flesh


   Skills:
 + Level 5.2 Fighting
 + Level 4.0 Long Blades
 + Level 4.5 Armour
 + Level 1.4 Dodging
 * Level 5.0 Shields


You had 4 spell levels left.
You didn't know any spells.
Your spell library was empty.

Dungeon Overview and Level Annotations

Branches:
Dungeon (4/12)
 Temple: D:4-7

Altars:
The Shining One


Innate Abilities, Weirdness & Mutations

You reflexively headbutt those who attack you in melee.
You have a pair of horns on your head.


Message History

The centaur hits you but does no damage.
You block the orc's attack.
You barely miss the orc.
The orc is heavily wounded.
The centaur hits you but does no damage.
You block the orc's attack.
You closely miss the orc. You headbutt the orc.
You kill the orc!
You block the centaur's attack.
You hit the centaur.
The centaur is lightly wounded.
The centaur barely misses you. x2
Your shield prevents you from hitting the centaur.
The centaur is lightly wounded.
The centaur hits you.
* * * LOW HITPOINT WARNING * * *
You slash the centaur! You headbutt the centaur.
The centaur is almost dead.
The centaur hits you.
You die...

... ..# (. ... #.# #. ..# #.
..## ## ##... ..
###########o.# #........##c#
.. #.........)@# ..###
#.........### .....
#.........#########.. ......
#...........................
#........####.......##......
#........# #.#..#####......
#........# #.#.............
#........# #.#.............
#........# ##.#.............


You could see a centaur and an orc.

Vanquished Creatures
  A hound (D:4)
  An iguana (D:4)
  A bullfrog skeleton (D:2)
  A worker ant (D:4)
  Robin (D:2)
  5 adders
  2 oozes
  2 worms (D:3)
  2 leopard geckos
  6 orcs
  2 ball pythons
  4 goblins (D:1)
  9 hobgoblins
  3 jackals (D:3)
  7 kobolds
  A quokka (D:3)
  9 bats
  3 frilled lizards
  A rat (D:2)
  A plant (D:1)
62 creatures vanquished.

Vanquished Creatures (others)
  5 toadstools (D:1)
5 creatures vanquished.

Grand Total: 67 creatures vanquished

Notes
Turn   | Place    | Note
-------+----------+-------------------------------------------
     0 | D:1      | CloudStrife the Minotaur Fighter began the quest for the
                  | Orb.
     0 | D:1      | Reached XP level 1. HP: 19/19 MP: 0/0
   156 | D:1      | Reached XP level 2. HP: 27/27 MP: 1/1
   555 | D:2      | Reached XP level 3. HP: 24/33 MP: 2/2
   598 | D:2      | Noticed Robin
   617 | D:2      | Killed Robin
   618 | D:2      | Reached XP level 4. HP: 36/40 MP: 3/3
   949 | D:2      | Reached skill level 1 in Dodging
  1164 | D:3      | Found a glowing golden altar of the Shining One.
  1419 | D:3      | Became a worshipper of the Shining One
  1594 | D:3      | Reached XP level 5. HP: 44/47 MP: 4/4
  1642 | D:4      | Reached skill level 5 in Fighting
  1704 | D:4      | Reached skill level 5 in Shields
  1755 | D:4      | Noticed a centaur
  1797 | D:4      | Slain by a centaur

Skill      XL: |  1  2  3  4  5 |
---------------+----------------+-----
Shields        | 4 5 |  5.0
Fighting       | 4 5 |  5.2
Armour         | 4 |  4.5
Long Blades    | 3 4 |  4.0
Dodging        | 1 |  1.4

Action                   |  1- 3 |  4- 6 || total
-------------------------+-------+-------++-------
Melee: Long sword        |   126 |   109 ||   235
       Headbutt          |    28 |    15 ||    43
  Use: Potion            |       |     3 ||     3
  Eat: Ration            |     1 |       ||     1
       Chunk             |       |     6 ||     6
Armor: Scale mail        |    50 |    59 ||   109
Dodge: Dodged            |    22 |    29 ||    51
Block: Medium shield     |    54 |    74 ||   128
